 Dungeon Crawl Stone Soup version 0.26-a0-542-gbaa144ba5c (webtiles) character file.

Game seed: 6155801374464740870

36 Descartes the Scratcher (level 3, -8/16 HPs)
             Began as a Felid Wanderer on Aug 17, 2020.
             Mangled by Sigmund
             ... wielding a +0 scythe
              (15 damage)
             ... on level 2 of the Dungeon.
             The game lasted 00:03:19 (1789 turns).

Descartes the Scratcher (Felid Wanderer)            Turns: 1789, Time: 00:03:20

Health: -8/16      AC:  1    Str:  8 (10) XL:     3   Next: 19%
Magic:  4/4        EV: 17    Int: 12 (13) God:
Gold:   100        SH:  0    Dex: 13 (14) Spells: 2/2 levels left
                                        Lives:  0   Deaths: 1

rFire    . . .     SeeInvis +     - Unarmed
rCold    . . .     Faith    .   (shield unavailable)
rNeg     . . .     Spirit   .   (armour unavailable)
rPois    .         Reflect  .   (helmet unavailable)
rElec    .         Harm     .   (cloak unavailable)
rCorr    .                      (gloves unavailable)
MR       .....                  (boots unavailable)
Stlth    ++........             (no amulet)
HPRegen  0.05/turn              (no ring)
MPRegen  0.09/turn              (no ring)

@: brilliant, flying, quick
A: very small, no armour, no weapons or thrown items, stealth, claws 1, fangs 3,
see invisible, speed 1, shaggy fur 1, sharp paws
a: no special abilities


You were on level 2 of the Dungeon.
You visited 1 branch of the dungeon, and saw 2 of its levels.

You collected 100 gold pieces.

Inventory:

Missiles
 h - 49 stones
Jewellery
 m - an uncursed ring of ice
Scrolls
 c - a scroll of amnesia
 d - a scroll of remove curse {unknown}
 e - a scroll of immolation {unknown}
 f - a scroll of identify {unknown}
 j - a scroll of magic mapping {unknown}
 l - a scroll of fog {unknown}
Potions
 a - a potion of heal wounds
 b - 3 potions of curing


   Skills:
 + Level 2.8 Fighting
 + Level 2.3 Dodging
 + Level 3.1 Stealth
 + Level 6.3 Unarmed Combat
   Level 1.1 Evocations


You had 2 spell levels left.
You didn't know any spells.
Your spell library was empty.

Dungeon Overview and Level Annotations

Branches:
Dungeon (2/15)

Altars:
Nemelex Xobeh

Annotations:
D:2 Sigmund


Innate Abilities, Weirdness & Mutations

You cannot wear armour.
You are incapable of wielding weapons or throwing items.
Your paws allow you to move quietly. (Stealth)
You have sharp claws.
You have razor-sharp teeth.
You have supernaturally acute eyesight. (SInv)
You cover ground quickly.
You are covered in fur. (AC +1)
Your sharp claws are effective at attacking unaware monsters.


Message History

Sigmund misses you.
You scratch Sigmund.
Sigmund is heavily wounded.
Sigmund gestures at you while chanting. You resist with some effort.
You scratch Sigmund.
Sigmund is severely wounded.
Sigmund screams, "I am the angel of ZOT!!!"
Sigmund casts a spell.
Sigmund flickers and vanishes for a moment.
You scratch Sigmund.
Sigmund is almost dead.
Sigmund gestures at you while chanting. The puff of flame hits you!
Ouch! That really hurt!
You closely miss Sigmund.
Sigmund is almost dead.
Sigmund hits you with a +0 scythe!
Ouch! That really hurt!
You die...

.# #... .# ###. ###.# #.
##...## ## ##.....## #
#.############..)....###
#
#.................._....
#
###########.##(......##
# #.).@@..###..†..##
#†####### ##...#.....
#@# #....#[##..# #.#
#.#.##.##..# #.#
#.#.##.##..# #$#
##.#.##.##..# #.#
#...........# #>#
#..#..#.###.# #.#
#..#.#.......


You could see Sigmund (invisible).

Vanquished Creatures
  2 gnolls (D:1)
  3 worms (D:2)
  2 dart slugs (D:1)
  2 leopard geckos (D:1)
  2 giant cockroaches (D:1)
  7 hobgoblins
  4 jackals (D:2)
  2 quokkas (D:2)
  2 ball pythons
  2 bats (D:2)
  2 frilled lizards (D:1)
  5 goblins
  6 kobolds
  5 rats (D:1)
46 creatures vanquished.

Notes
Turn   | Place    | Note
-------+----------+-------------------------------------------
     0 | D:1      | Descartes the Felid Wanderer began the quest for the Orb.
     0 | D:1      | Descartes set off with the following items: a potion of
                  | heal wounds, 2 potions of curing
     0 | D:1      | Reached XP level 1. HP: 9/9 MP: 2/2
   114 | D:1      | Reached XP level 2. HP: 13/13 MP: 3/3
   130 | D:1      | Reached skill level 1 in Dodging
   489 | D:1      | Reached XP level 3. HP: 16/16 MP: 4/4
  1531 | D:2      | Reached XP level 4. HP: 14/20 MP: 5/5
  1726 | D:2      | Found a sparkling altar of Nemelex Xobeh.
  1769 | D:2      | Noticed Sigmund
  1775 | D:2      | HP: 1/20 [Sigmund/magic dart (10)]
  1776 | D:2      | Mangled by Sigmund
  1777 | D:2      | Reached XP level 3. HP: -6/16 MP: 4/4
  1789 | D:2      | Mangled by Sigmund

Illustrated notes

Levels and vault maps discovered:
D:1:      lemuel_arrival_funnel, layout_basic
D:2:      layout_loops_ring, overflow_temple_1_default,
          lemuel_coloured_pillars_altar, kennysheep_generic_room_14,
          uniq_sigmund

Skill      XL: |  1  2  3 |
---------------+----------+-----
Stealth        | 2 3 |  3.1
Dodging        | 1 2 |  2.3
Fighting       | |  2.8
Unarmed Combat | |  6.3
Evocations     | |  1.1

Action                   |  1- 3 |  4- 6 || total
-------------------------+-------+-------++-------
Melee: Unarmed           |    90 |    29 ||   119
       Bite              |     6 |     2 ||     8
       Punch             |     2 |       ||     2
  Use: Potion            |     3 |       ||     3
       Scroll            |       |     1 ||     1
 Stab: Sleeping          |     8 |     3 ||    11
       Distracted        |     1 |       ||     1
Armor: Skin              |     1 |     2 ||     3
Dodge: Dodged            |    58 |    25 ||    83

Table legend: (Time is in decaauts)
 A = Elapsed time spent in this place.
 B = Non-inter-level travel time spent in this place.
 C = Inter-level travel time spent in this place.
 D = Time resting spent in this place.
 E = Time spent auto-exploring this place.
 F = Levels seen in this place.
 G = Mean time per level.
                   A        B        C        D        E       F      G
               +--------+--------+--------+--------+--------+-----+--------+
         Total |   1626 |   1590 |     36 |      0 |   1339 |   2 |  813.0 |
       Dungeon |   1626 |   1590 |     36 |      0 |   1339 |   2 |  813.0 |
               +--------+--------+--------+--------+--------+-----+--------+

Top non-repeatable levels by time:
     D:1: 1069 daAuts
     D:2: 557 daAuts
